General information
- name: BNet
- type: Ladder team game (AT/RT)
- host: Battle.net
- saver: iim7b5V7i
map: Dragonblight
- players: 6
- length: 36:01
- speed: Fast
- version: 1.26 W3XP
- replay type:

» download(236 KB)
Players
team 1 (loser)
ArxDiabolis (
orange | 63 APM | 2274 actions | 35:59)
4 Warden
2 Fan of Knives
1 Blink
1 Shadow Strike
» actions
| Assign group hotkey | 76 | |
| Basic commands | 49 | |
| Build / train | 110 | |
| Enter build submenu | 24 | |
| Enter hero's abilities submenu | 5 | |
| Remove unit from queue | 9 | |
| Right click | 918 | |
| Select / deselect | 553 | |
| Select group hotkey | 439 | |
| Use ability | 91 | |
2274 total
» units
| Wisp | 24 | |
| Archer | 2 | |
| Huntress | 13 | |
| Glaive Thrower | 2 | |
| Druid of the Claw | 4 | |
| Dryad | 10 | |
| Frost Revenant | 1 | |
| Nerubian Webspinner | 1 | |
| Chimaera | 6 | |
| Druid of the Talon | 6 | |
| Hippogryph | 9 | |
78 total
» upgrades
| Strength of the Moon | 1 | |
| Ultravision | 1 | |
| Druid of the Claw Training | 2 | |
| Corrosive Breath | 1 | |
| Druid of the Talon Training | 2 | |
| Abolish Magic | 1 | |
| Strength of the Wild | 1 | |
| Well Spring | 1 | |
10 total
» buildings
| Altar of Elders | 1 | |
| Moon Well | 7 | |
| Ancient of War | 1 | |
| Hunter's Hall | 1 | |
| Tree of Ages | 1 | |
| Ancient of Lore | 1 | |
| Tree of Life | 2 | |
| Tree of Eternity | 1 | |
| Ancient of Wind | 3 | |
| Ancient of Wonders | 1 | |
| Chimaera Roost | 2 | |
21 total
» build order
00:02 Altar of Elders
00:16 Moon Well
00:50 Ancient of War
01:47 Hunter's Hall
02:13 Moon Well
02:39 Moon Well
04:18 Tree of Ages
06:25 Moon Well
07:09 Ancient of Lore
09:26 Tree of Life
09:58 Tree of Eternity
13:22 Ancient of Wind
14:00 Ancient of Wonders
15:02 Chimaera Roost
16:55 Chimaera Roost
17:50 Moon Well
18:27 Moon Well
19:36 Moon Well
23:31 Ancient of Wind
28:25 Tree of Life
32:32 Ancient of Wind
» items
| Scroll of Town Portal | 1 | |
| Staff of Preservation | 1 | |
| Anti-magic Potion | 1 | |
| Orb of Venom | 1 | |
| Potion of Healing | 1 | |
| Dust of Appearance | 1 | |
6 total
hiess_ledger (
purple | 19 APM | 698 actions | 36:00)
5 Demon Hunter
2 Mana Burn
3 Evasion
» actions
| Basic commands | 13 | |
| Build / train | 69 | |
| Enter build submenu | 25 | |
| Enter hero's abilities submenu | 5 | |
| Right click | 256 | |
| Select / deselect | 290 | |
| Use ability | 40 | |
698 total
» units
| Wisp | 24 | |
| Archer | 4 | |
| Huntress | 5 | |
| Glaive Thrower | 12 | |
| Chimaera | 9 | |
54 total
» upgrades
| Strength of the Wild | 1 | |
| Reinforced Hides | 1 | |
| Vorpal Blades | 1 | |
| Corrosive Breath | 1 | |
4 total
» buildings
| Altar of Elders | 1 | |
| Moon Well | 7 | |
| Ancient of War | 4 | |
| Hunter's Hall | 1 | |
| Tree of Ages | 1 | |
| Tree of Eternity | 1 | |
| Ancient of Wind | 1 | |
| Ancient Protector | 8 | |
| Chimaera Roost | 1 | |
25 total
» build order
00:09 Altar of Elders
00:14 Moon Well
00:51 Ancient of War
00:59 Ancient of War
01:04 Ancient of War
01:36 Moon Well
02:25 Hunter's Hall
02:34 Moon Well
03:53 Moon Well
07:41 Moon Well
07:43 Tree of Ages
08:16 Ancient of War
10:08 Tree of Eternity
10:56 Moon Well
14:08 Ancient of Wind
14:41 Ancient Protector
14:56 Ancient Protector
15:06 Ancient Protector
15:18 Ancient Protector
16:46 Chimaera Roost
16:54 Ancient Protector
17:07 Ancient Protector
17:44 Moon Well
18:00 Ancient Protector
18:06 Ancient Protector
» items
| Orb of Venom | 1 | |
| Periapt of Vitality | 1 | |
| Circlet of Nobility | 1 | |
3 total
nauro8891 (
red | 91 APM | 3267 actions | 35:50)
8 Warden
2 Fan of Knives
3 Blink
2 Shadow Strike
1 Spirit of Vengeance
3 Keeper of the Grove
2 Entangling Roots
1 Force of Nature
» actions
| Assign group hotkey | 50 | |
| Basic commands | 191 | |
| Build / train | 107 | |
| ESC pressed | 1 | |
| Enter build submenu | 30 | |
| Enter hero's abilities submenu | 10 | |
| Remove unit from queue | 2 | |
| Right click | 1340 | |
| Select / deselect | 617 | |
| Select group hotkey | 807 | |
| Use ability | 112 | |
3267 total
» units
| Wisp | 29 | |
| Archer | 6 | |
| Huntress | 3 | |
| Glaive Thrower | 2 | |
| Dryad | 2 | |
| Chimaera | 5 | |
| Hippogryph | 13 | |
| Druid of the Talon | 4 | |
64 total
» upgrades
| Ultravision | 1 | |
| Strength of the Moon | 1 | |
| Moon Armor | 1 | |
| Abolish Magic | 1 | |
| Nature's Blessing | 2 | |
| Sentinel | 1 | |
| Well Spring | 1 | |
| Corrosive Breath | 1 | |
| Strength of the Wild | 3 | |
| Reinforced Hides | 3 | |
| Druid of the Talon Training | 1 | |
16 total
» buildings
| Altar of Elders | 1 | |
| Moon Well | 13 | |
| Ancient of War | 1 | |
| Hunter's Hall | 1 | |
| Ancient of Wonders | 1 | |
| Tree of Ages | 1 | |
| Ancient of Lore | 1 | |
| Tree of Eternity | 1 | |
| Tree of Life | 1 | |
| Ancient Protector | 4 | |
| Ancient of Wind | 2 | |
| Chimaera Roost | 2 | |
29 total
» build order
00:03 Altar of Elders
00:07 Moon Well
00:25 Ancient of War
01:43 Moon Well
02:49 Hunter's Hall
04:15 Moon Well
04:56 Ancient of Wonders
04:59 Tree of Ages
05:12 Moon Well
06:16 Moon Well
07:11 Moon Well
10:03 Ancient of Lore
10:05 Moon Well
10:11 Tree of Eternity
10:49 Tree of Life
11:01 Ancient Protector
14:14 Ancient of Wind
14:26 Ancient Protector
14:55 Ancient Protector
17:15 Chimaera Roost
18:10 Moon Well
18:24 Moon Well
18:49 Chimaera Roost
19:08 Moon Well
19:14 Moon Well
19:18 Moon Well
28:52 Moon Well
29:32 Ancient of Wind
31:06 Ancient Protector
» items
| Tome of Retraining | 1 | |
| Boots of Speed | 1 | |
| Periapt of Vitality | 1 | |
| Circlet of Nobility | 1 | |
| Dust of Appearance | 1 | |
| Potion of Lesser Invulnerability | 1 | |
| Scroll of Protection | 1 | |
| Staff of Preservation | 1 | |
| Scroll of Town Portal | 1 | |
9 total
team 2 (winner)
Birdeneering (
yellow | 104 APM | 3760 actions | 36:01)
5 Archmage
3 Blizzard
2 Brilliance Aura
5 Mountain King
3 Storm Bolt
2 Bash
5 Paladin
2 Holy Light
3 Divine Shield
» actions
| Assign group hotkey | 366 | |
| Basic commands | 22 | |
| Build / train | 109 | |
| Enter build submenu | 89 | |
| Enter hero's abilities submenu | 16 | |
| Give item / drop item | 7 | |
| Right click | 1756 | |
| Select / deselect | 329 | |
| Select group hotkey | 793 | |
| Use ability | 273 | |
3760 total
» units
» upgrades
| Masonry | 3 | |
| Lumber Harvesting | 2 | |
| Magic Sentry | 1 | |
6 total
» buildings
| Altar of Kings | 1 | |
| Lumber Mill | 1 | |
| Farm | 5 | |
| Scout Tower | 127 | |
| Arcane Tower | 7 | |
| Guard Tower | 35 | |
| Keep | 2 | |
| Castle | 1 | |
| Arcane Sanctum | 1 | |
| Arcane Vault | 4 | |
184 total
» build order
00:03 Altar of Kings
00:18 Lumber Mill
00:34 Farm
01:12 Farm
01:44 Scout Tower
01:56 Farm
02:02 Scout Tower
02:12 Arcane Tower
02:16 Scout Tower
02:27 Scout Tower
02:37 Arcane Tower
02:38 Arcane Tower
02:47 Scout Tower
02:49 Guard Tower
02:50 Scout Tower
02:59 Scout Tower
03:49 Guard Tower
03:51 Scout Tower
03:52 Scout Tower
03:55 Scout Tower
04:09 Scout Tower
04:12 Scout Tower
04:13 Keep
04:14 Keep
04:28 Guard Tower
04:29 Scout Tower
05:02 Guard Tower
05:04 Scout Tower
05:05 Scout Tower
05:33 Scout Tower
06:02 Guard Tower
06:49 Castle
06:53 Farm
07:28 Scout Tower
07:38 Arcane Sanctum
07:45 Arcane Vault
07:47 Arcane Vault
08:01 Guard Tower
08:04 Scout Tower
08:18 Scout Tower
08:19 Scout Tower
09:10 Guard Tower
09:11 Scout Tower
09:13 Scout Tower
09:13 Scout Tower
09:26 Guard Tower
09:28 Farm
10:58 Guard Tower
11:01 Scout Tower
11:02 Scout Tower
11:21 Guard Tower
11:25 Scout Tower
11:26 Scout Tower
12:03 Scout Tower
12:04 Scout Tower
12:05 Scout Tower
12:05 Scout Tower
12:07 Scout Tower
12:08 Scout Tower
12:09 Scout Tower
12:10 Scout Tower
12:28 Scout Tower
12:29 Scout Tower
12:32 Scout Tower
12:33 Scout Tower
12:35 Scout Tower
12:36 Scout Tower
12:36 Scout Tower
12:51 Guard Tower
12:59 Guard Tower
13:51 Guard Tower
13:54 Scout Tower
13:56 Scout Tower
14:28 Scout Tower
14:29 Scout Tower
14:30 Scout Tower
14:31 Scout Tower
14:34 Scout Tower
14:35 Scout Tower
14:49 Arcane Tower
16:25 Guard Tower
16:27 Scout Tower
16:33 Guard Tower
16:41 Scout Tower
16:41 Scout Tower
16:48 Guard Tower
17:04 Guard Tower
17:05 Arcane Vault
17:07 Arcane Vault
17:36 Scout Tower
17:36 Scout Tower
17:37 Scout Tower
17:37 Scout Tower
17:39 Scout Tower
17:40 Scout Tower
17:41 Scout Tower
17:41 Scout Tower
17:42 Scout Tower
17:42 Scout Tower
17:44 Scout Tower
17:44 Scout Tower
17:45 Scout Tower
17:46 Scout Tower
17:46 Scout Tower
17:47 Scout Tower
17:48 Scout Tower
17:48 Scout Tower
17:50 Scout Tower
17:51 Scout Tower
18:29 Scout Tower
18:30 Scout Tower
18:31 Scout Tower
18:31 Scout Tower
18:32 Scout Tower
18:32 Scout Tower
18:34 Scout Tower
18:35 Scout Tower
18:35 Scout Tower
18:36 Scout Tower
18:36 Scout Tower
18:37 Scout Tower
18:39 Scout Tower
18:40 Scout Tower
18:40 Scout Tower
18:41 Scout Tower
18:41 Scout Tower
18:42 Scout Tower
18:42 Scout Tower
18:43 Scout Tower
19:26 Arcane Tower
19:28 Guard Tower
19:31 Guard Tower
19:38 Scout Tower
19:40 Scout Tower
19:41 Scout Tower
19:54 Guard Tower
19:56 Arcane Tower
19:57 Guard Tower
20:05 Scout Tower
20:06 Scout Tower
20:08 Scout Tower
20:08 Scout Tower
20:09 Scout Tower
20:13 Scout Tower
20:17 Scout Tower
20:18 Scout Tower
20:20 Guard Tower
20:28 Guard Tower
20:32 Scout Tower
20:33 Scout Tower
20:36 Scout Tower
21:17 Guard Tower
21:21 Scout Tower
22:21 Scout Tower
22:21 Scout Tower
22:49 Guard Tower
23:35 Guard Tower
23:47 Guard Tower
23:57 Guard Tower
24:12 Scout Tower
24:13 Scout Tower
24:14 Scout Tower
24:14 Scout Tower
24:15 Scout Tower
24:15 Scout Tower
24:17 Scout Tower
24:18 Scout Tower
24:18 Scout Tower
24:19 Scout Tower
24:19 Scout Tower
24:20 Guard Tower
24:24 Guard Tower
24:30 Guard Tower
25:55 Guard Tower
26:50 Guard Tower
26:56 Scout Tower
26:57 Scout Tower
28:51 Arcane Tower
28:57 Scout Tower
29:47 Guard Tower
29:48 Scout Tower
29:49 Scout Tower
29:50 Scout Tower
33:04 Guard Tower
» items
| Circlet of Nobility | 1 | |
| Boots of Speed | 3 | |
| Periapt of Vitality | 1 | |
| Potion of Invisibility | 1 | |
| Healing Salve | 1 | |
| Orb of Lightning | 2 | |
| Staff of Teleportation | 3 | |
| Staff of Sanctuary | 3 | |
| Orb of Venom | 1 | |
| Scroll of Town Portal | 2 | |
18 total
iim7b5V7i (
pink | 81 APM | 2922 actions | 36:01)
8 Blademaster
3 Wind Walk
3 Critical Strike
1 Bladestorm
1 Mirror Image
» actions
| Assign group hotkey | 331 | |
| Basic commands | 5 | |
| Build / train | 82 | |
| ESC pressed | 4 | |
| Enter build submenu | 70 | |
| Enter hero's abilities submenu | 8 | |
| Give item / drop item | 4 | |
| Right click | 1374 | |
| Select / deselect | 457 | |
| Select group hotkey | 248 | |
| Use ability | 335 | |
2922 total
» units
» upgrades
| Ranged Weapons | 3 | |
| Liquid Fire | 1 | |
| Spiked Barricades | 2 | |
6 total
» buildings
| Altar of Storms | 1 | |
| Orc Burrow | 3 | |
| War Mill | 1 | |
| Watch Tower | 55 | |
| Stronghold | 2 | |
| Voodoo Lounge | 4 | |
| Fortress | 2 | |
| Beastiary | 2 | |
| Great Hall | 1 | |
71 total
» build order
00:02 Altar of Storms
00:05 Orc Burrow
00:21 War Mill
01:43 Watch Tower
01:53 Watch Tower
02:09 Orc Burrow
02:31 Watch Tower
02:56 Watch Tower
03:34 Stronghold
03:34 Stronghold
03:51 Watch Tower
03:53 Watch Tower
04:36 Voodoo Lounge
04:45 Voodoo Lounge
04:47 Voodoo Lounge
04:57 Watch Tower
04:59 Watch Tower
05:46 Orc Burrow
06:05 Watch Tower
06:06 Watch Tower
06:07 Fortress
06:07 Fortress
06:36 Voodoo Lounge
06:53 Watch Tower
07:08 Beastiary
07:08 Beastiary
07:13 Watch Tower
07:13 Watch Tower
07:52 Great Hall
08:18 Watch Tower
08:21 Watch Tower
08:30 Watch Tower
08:31 Watch Tower
08:31 Watch Tower
09:25 Watch Tower
09:27 Watch Tower
10:38 Watch Tower
10:46 Watch Tower
10:46 Watch Tower
10:47 Watch Tower
11:26 Watch Tower
11:26 Watch Tower
11:26 Watch Tower
11:54 Watch Tower
12:32 Watch Tower
14:00 Watch Tower
14:01 Watch Tower
14:02 Watch Tower
14:09 Watch Tower
15:16 Watch Tower
15:17 Watch Tower
15:19 Watch Tower
15:20 Watch Tower
16:26 Watch Tower
16:26 Watch Tower
16:27 Watch Tower
16:27 Watch Tower
16:38 Watch Tower
17:42 Watch Tower
17:42 Watch Tower
17:43 Watch Tower
17:43 Watch Tower
18:49 Watch Tower
18:50 Watch Tower
18:51 Watch Tower
18:51 Watch Tower
18:56 Watch Tower
18:56 Watch Tower
20:02 Watch Tower
20:03 Watch Tower
20:54 Watch Tower
» items
| Boots of Speed | 1 | |
| Healing Salve | 1 | |
| Lesser Clarity Potion | 1 | |
| Staff of Teleportation | 1 | |
| Orb of Lightning | 1 | |
| Potion of Healing | 2 | |
| Periapt of Vitality | 1 | |
8 total
nutsonyochin.de (
teal | 75 APM | 2696 actions | 36:01)
7 Demon Hunter
3 Mana Burn
3 Evasion
1 Metamorphosis
» actions
| Assign group hotkey | 8 | |
| Basic commands | 44 | |
| Build / train | 60 | |
| ESC pressed | 2 | |
| Enter build submenu | 20 | |
| Enter hero's abilities submenu | 7 | |
| Give item / drop item | 5 | |
| Right click | 1777 | |
| Select / deselect | 166 | |
| Select group hotkey | 499 | |
| Use ability | 108 | |
2696 total
» units
» upgrades
| Nature's Blessing | 1 | |
| Well Spring | 1 | |
| Ultravision | 1 | |
| Strength of the Wild | 1 | |
| Reinforced Hides | 1 | |
5 total
» buildings
| Altar of Elders | 2 | |
| Moon Well | 15 | |
| Tree of Ages | 1 | |
| Tree of Life | 3 | |
| Tree of Eternity | 1 | |
| Ancient of Wonders | 1 | |
| Hunter's Hall | 1 | |
24 total
» build order
00:03 Altar of Elders
00:07 Altar of Elders
00:09 Moon Well
01:25 Moon Well
02:34 Moon Well
04:59 Tree of Ages
06:22 Tree of Life
08:19 Tree of Eternity
08:21 Ancient of Wonders
08:31 Hunter's Hall
10:05 Moon Well
10:05 Moon Well
10:06 Moon Well
10:07 Moon Well
10:07 Moon Well
14:03 Tree of Life
14:12 Tree of Life
14:32 Moon Well
14:33 Moon Well
14:33 Moon Well
14:36 Moon Well
14:37 Moon Well
14:38 Moon Well
14:55 Moon Well
» items
| Staff of Teleportation | 1 | |
| Boots of Speed | 1 | |
| Orb of Lightning | 1 | |
| Healing Salve | 1 | |
| Lesser Clarity Potion | 1 | |
5 total
Chat log
(00:42 / All) Birdeneering: ey yo FUCK my couch
(00:43 / All) Birdeneering: w8 plz
(00:45 / All) Birdeneering: there's something wrong
(00:46 / All) Birdeneering: plz wait
(00:48 / All) nutsonyochin.de: fuck that guys couch....
(00:48 / All) Birdeneering: my couch
(00:49 / All) Birdeneering: it fucken
(00:51 / All) nutsonyochin.de: it always breaking
(00:52 / All) Birdeneering: going nutshit over here
(00:53 / All) iim7b5V7i: have some manner please
(00:53 / All) ArxDiabolis: i see what u did there
(00:57 / All) nutsonyochin.de: THAT COUCH IS ALWAYS GOING OFF
(00:59 / Allies) nutsonyochin.de: seriosuly
(01:02 / All) nutsonyochin.de: serious gotta fix it
(01:04 / All) Birdeneering: I need to get this under control wtf
(01:06 / All) Birdeneering: can't play
(01:08 / All) Birdeneering: couch all up ins
(01:12 / All) nauro8891: first ask, then stop the game
(01:14 / All) ArxDiabolis: dafuq did i just see?
(01:16 / All) Birdeneering: I did!!!
(01:17 / All) nutsonyochin.de: can i stop the game
(01:17 / All) Birdeneering: i told u
(01:18 / All) nutsonyochin.de: thanks
(01:19 / All) nutsonyochin.de: 1
(01:19 / All) nutsonyochin.de: i brb
(01:21 / All) nutsonyochin.de: hold on pls
(01:26 / All) Birdeneering: plz wait
(01:29 / All) Birdeneering: bad manner :(!
(01:41 / All) Birdeneering: I won't forget this
(01:54 / All) Birdeneering: every time I glance at my couch I'm reminded of your betrayal
(02:05 / All) nutsonyochin.de: hold on
(03:38 / All) Birdeneering: u noobs?
(03:51 / All) nauro8891: y
(03:59 / All) Birdeneering: that's why u had to bad manner me
(05:22 / All) Birdeneering: good micro noobs
(05:45 / All) Birdeneering: gj purple
(06:06 / All) Birdeneering: maybe get some manners
(06:08 / All) Birdeneering: then some skills??
(06:25 / All) hiess_ledger: halts maul hurensohn
(06:45 / All) Birdeneering: what kind of noob hitler loses warden
(06:47 / All) Birdeneering: to peons
(06:56 / All) ArxDiabolis: hitler fucks your ass up :D
(06:57 / All) hiess_ledger: huresohn
(07:21 / All) hiess_ledger: deine dreckige zigeuner mutter lutscht den schwanz vom rettenbacher
(09:05 / All) Birdeneering: peace noobs lmfao
(09:13 / All) ArxDiabolis: nooob
(09:20 / All) Birdeneering: How does it feel
(09:24 / All) Birdeneering: to lose to towers??
(09:35 / All) hiess_ledger: deine hurenmutter lutscht den schwanz vom rettenbacher
(11:38 / All) Birdeneering: loool orange
(11:53 / All) Birdeneering: you're so fucking stupid lol
(16:00 / All) Birdeneering: lmfao
(16:05 / All) Birdeneering: NOOOOBS
(16:12 / All) Birdeneering: NOOOBS
(16:17 / All) ArxDiabolis: nazi bitches
(17:59 / All) Birdeneering: why haven't you left the game yet?
(18:04 / All) ArxDiabolis: how to?
(21:26 / All) Birdeneering: get out now noobs
(21:32 / All) Birdeneering: or you'll regret i
(21:33 / All) Birdeneering: t
(22:34 / All) Birdeneering: gg noobs cya
(22:39 / All) ArxDiabolis: haha gg noobs
(23:08 / All) Birdeneering: damn you were shit this game
(23:09 / All) Birdeneering: you can quit now
(23:29 / All) hiess_ledger: fick deine mutter du dreckiger hurensohn
(23:39 / All) Birdeneering: stop being so goddamn stupid
(23:40 / All) nutsonyochin.de: das chaos 'bros'
(23:44 / All) Birdeneering: and maybe you'll win a game?
(23:52 / All) hiess_ledger: deine mutter ist das chais bros
(24:04 / All) hiess_ledger: maybe deine mutter
(24:35 / All) Birdeneering: remember when you were bad manner
(24:39 / All) Birdeneering: and wouldn't let us pause???
(24:41 / All) iim7b5V7i: this is the punishment
(24:45 / All) Birdeneering: bet you regret that now...
(24:45 / All) hiess_ledger: deine mutter is bad manner
(24:51 / All) hiess_ledger: arschgesicht
(24:55 / All) hiess_ledger: mistgeburt
(24:59 / All) hiess_ledger: hurensohn
(25:04 / All) hiess_ledger: wichser
(25:53 / All) iim7b5V7i: yo how freakin powerful are these Chaos Bros
(26:05 / All) Birdeneering: astonishingly so
(26:09 / All) hiess_ledger: how powerful is deine mutter??
(26:40 / All) Birdeneering: bye noob red lol :)))
(26:49 / All) hiess_ledger: deine mutter is lol
(26:51 / All) iim7b5V7i: can u noobs quit already
(27:07 / All) iim7b5V7i: haven't u had enough of Being Owned . ? 2009 edish
(27:07 / All) Birdeneering: your insults are as unimaginative as your gameplay is poopy
(27:11 / All) hiess_ledger: deine mutter lutscht aids kranken hurenkindern den schwanz
(29:11 / All) Birdeneering: this strat only works against idiots lol
(29:22 / All) hiess_ledger: deine mutter ist ein idiot
(29:43 / All) iim7b5V7i: you must be really angery to be so boring
(29:55 / All) hiess_ledger: deine mutter ist boring
(29:57 / All) Birdeneering: seriously uninspired material
(30:08 / All) iim7b5V7i: What Is This.. Teh summer of 04??? xd
(30:08 / All) hiess_ledger: deine mutter ist material
(30:19 / All) hiess_ledger: deine mutter ist 04
(30:22 / All) nutsonyochin.de: DAS CHAOS BROS
(30:31 / All) hiess_ledger: deine mutter chaos bros
(30:47 / All) Birdeneering: *POP*
(30:50 / All) nauro8891: bb
(30:55 / All) hiess_ledger: deine mutter ist pop
(31:32 / All) iim7b5V7i: rofl
(33:51 / All) iim7b5V7i: i can't believe this pink orc
(33:56 / All) iim7b5V7i: yeah he's pretty Yozshura himself
(34:03 / All) hiess_ledger: deine mutter ist pink orc
(34:12 / All) hiess_ledger: deine mutter ist himself
(35:07 / All) iim7b5V7i: where are u guys
(35:18 / All) hiess_ledger: deine mutter ist guys
(35:41 / All) Birdeneering: lmfao
(35:42 / All) Birdeneering: noooobs
(35:49 / All) hiess_ledger: deine mutter ist noob
(35:56 / All) ArxDiabolis: scheiß nazi hurenkinder